 Dungeon Crawl Stone Soup version 0.30-a0-381-g6ea064c7b4 (webtiles) character file.

Game seed: 15572019370474985319

7454 tio the Skirmisher (level 10, -4/74 HPs)
             Began as a Demonspawn Necromancer on Dec 2, 2022.
             Was an Initiate of Yredelemnul.
             Slain by a steam dragon (6 damage)
             ... on level 9 of the Dungeon.
             The game lasted 01:07:01 (9330 turns).

tio the Skirmisher (Demonspawn Necromancer)         Turns: 9330, Time: 01:07:02

Health: -4/74      AC: 34    Str: 19    XL:     10   Next: 94%
Magic:  18/19      EV:  3    Int: 24    God:    Yredelemnul [......]
Gold:   136        SH:  0    Dex: 17    Spells: 20/21 levels left

rFire   . . .      SeeInvis .    F - +0 long sword of Sudden Death {spect, rElec Will+ Dex+3}
rCold   . . .      Faith    .    (no shield)
rNeg    . . .      Spirit   .    B - +8 orange crystal plate armour {Archmagi, Int+3 Clar}
rPois   +          Reflect  .    (helmet unavailable)
rElec   +          Harm     .    E - +0 cloak
rCorr   .          Rampage  .    q - +1 pair of gloves
Will    +++..      Archmagi +    C - +1 pair of boots of the Mind {Int+2 Dex+3 Stlth-}
Stlth   .......... Clarity  +    d - amulet of the acrobat
HPRegen 0.32/turn                n - ring of poison resistance
MPRegen 0.16/turn                a - ring "Sacaituk" {Fly Will+ Str+6}

@: flying, very slightly contaminated, unable to read
A: horns 3, thin metallic scales 2, condensation shield, demonic magic 1, clumsy
1, strong-willed 1, strong 1, inability to read after injury 1
a: Renounce Religion, Recall Undead Harvest


You were on level 9 of the Dungeon.
You worshipped Yredelemnul.
Yredelemnul was noncommittal.
You visited 2 branches of the dungeon, and saw 10 of its levels.
You also visited: Ossuary.

You collected 298 gold pieces.
You spent 162 gold pieces at shops.

Inventory:

Hand Weapons
 g - a +6 hand axe
 j - the +9 sling "X" {drain, rPois rF- Will+++ Str+6}
   (You found it on level 2 of the Dungeon)

   A truly terrible weapon, it drains the life of any living foe it strikes.
   Str:       It affects your strength (+6).
   rF:        It makes you vulnerable to fire.
   rPois:     It protects you from poison.
   Will:      It greatly increases your willpower.
 F - the +0 long sword of Sudden Death (weapon) {spect, rElec Will+ Dex+3}
   (You found it on level 8 of the Dungeon)

   When its wielder attacks, the weapon's spirit leaps out and strikes again.
   The spirit shares a part of any damage it takes with its wielder.
   Dex:       It affects your dexterity (+3).
   rElec:     It insulates you from electricity.
   Will:      It increases your willpower.
Armour
 m - a +5 ring mail of poison resistance
 q - a +1 pair of gloves (worn)
 u - the +18 Lear's hauberk
   (You found it on level 5 of the Dungeon)
 B - the +8 orange crystal plate armour (worn) {Archmagi, Int+3 Clar}
   (You acquired it on level 9 of the Dungeon)

   Int:       It affects your intelligence (+3).
   Clar:      It protects you against confusion.
 C - the +1 pair of boots of the Mind (worn) {Int+2 Dex+3 Stlth-}
   (You found it on level 8 of the Dungeon)

   Int:       It affects your intelligence (+2).
   Dex:       It affects your dexterity (+3).
   Stlth:     It makes you less stealthy.
 E - a +0 cloak (worn)
Magical Staves
 h - a staff of air
Jewellery
 a - the ring "Sacaituk" (right hand) {Fly Will+ Str+6}
   (You acquired it on level 6 of the Dungeon)

   [ring of flight]

   Str:       It affects your strength (+6).
   Fly:       It grants you flight.
   Will:      It increases your willpower.
 d - an amulet of the acrobat (around neck)
 n - a ring of poison resistance (left hand)
Wands
 t - a wand of flame (13)
 v - a wand of roots (4)
Scrolls
 c - a scroll of amnesia
 k - 2 scrolls of magic mapping
 o - a scroll of poison
 r - 3 scrolls of fear
 y - a scroll of butterflies
 z - 3 scrolls of identify
 A - 2 scrolls of teleportation
 G - 2 scrolls of blinking
Potions
 b - a potion of might
 e - a potion of haste
 f - 5 potions of lignification
 i - 6 potions of curing
 l - a potion of resistance
 p - 2 potions of berserk rage
 s - 4 potions of flight
 D - a potion of brilliance


   Skills:
 + Level 5.2 Fighting
 + Level 2.1 Long Blades
 + Level 0.1 Maces & Flails
 + Level 9.9 Ranged Weapons
 + Level 5.4 Armour
 + Level 3.0 Dodging
 + Level 2.7 Stealth
 + Level 0.8 Shields
 + Level 6.0 Spellcasting
 + Level 8.2 Necromancy
 + Level 0.8 Invocations


You had 20 spell levels left.
You knew the following spells:

 Your Spells              Type           Power      Damage    Failure   Level
a - Necrotise             Necr           100%       1d9       54%         1

Your spell library contained the following spells:

 Spells                   Type           Power      Damage    Failure   Level
 Vampiric Draining        Necr           63%        2d10      89%         3
 Agony                    Necr           63%        N/A       100%        5
 Animate Dead             Necr           Unusable   N/A       N/A         4

Dungeon Overview and Level Annotations

Branches:
Dungeon (9/15)             Temple (1/1) D:6         Ossuary (visited)
   Lair: D:8-11         Orc: D:9-12

Altars:
Ashenzari
Cheibriados
Dithmenos
Fedhas
Gozag
Kikubaaqudgha
Makhleb
Nemelex Xobeh
Okawaru
Qazlal
Ru
Sif Muna
Trog
Uskayaw
Vehumet
Wu Jian
Xom
Yredelemnul

Shops:
D:7 ?


Innate Abilities, Weirdness & Mutations

You have a pair of large horns on your head.
You are mostly covered in thin metallic scales. (AC +3)
A meltable shield of frost defends you. (SH +0)
Spells you cast may paralyse adjacent enemies.
You are clumsy. (Dex -2)
You are strong-willed. (Will+)
Your muscles are strong. (Str +4, Int/Dex -1)
You occasionally lose the ability to read scrolls when taking damage.


Message History

Your Spellcasting skill increases to level 6!
You hit the acid dragon. Your headbutt misses the acid dragon.
The acid dragon is lightly wounded.
Your +0 long sword of Sudden Death {spect, rElec Will+ Dex+3} barely misses the acid dragon.
Your wyvern zombie bites the acid dragon.
The steam dragon bites you but does no damage.
The steam dragon claws you but does no damage.
The acid dragon bites you but does no damage.
The acid dragon claws you but does no damage.
Your wyvern zombie bites the acid dragon!
You hit the acid dragon but do no damage.
The acid dragon is severely wounded.
Your +0 long sword of Sudden Death {spect, rElec Will+ Dex+3} hits the acid dragon!
The acid dragon spits acid at your +0 long sword of Sudden Death {spect, rElec Will+ Dex+3}.
The splash of acid hits your +0 long sword of Sudden Death {spect, rElec Will+ Dex+3}!!
Your spectral weapon shares its damage with you!
Your +0 long sword of Sudden Death {spect, rElec Will+ Dex+3} fades away.
You feel threatened and lose the ability to read scrolls!
The steam dragon breathes steam at you. The ball of steam hits you!!
* * * LOW HITPOINT WARNING * * *
The ball of steam hits your wyvern zombie.
Your wyvern zombie is engulfed in a cloud of scalding steam.
Your wyvern zombie is destroyed!
The steam dragon bites you but does no damage.
The steam dragon claws you but does no damage.
The acid dragon bites you.
* * * LOW HITPOINT WARNING * * *
The acid dragon claws you but does no damage.
Aiming: Fastroot
Press: ? - help, Q - select action, (/) - cycle Shift-Dir - straight line The roots erupt in riotous growth!
Roots grab the acid dragon.
You are engulfed in a cloud of scalding steam.
* * * LOW HITPOINT WARNING * * *
The grasping roots constrict the acid dragon.
You kill the acid dragon!
The steam dragon bites you.
You die...
Your body rises from the dead as a mindless zombie.

#)## .. #))# #.. #####.###
##.## ##.# #.......# ....#
#... #.......### ##...# #...
#......<.#.)#++# .#...#
#####...
#.......##[#....#(#...#
#..Z....
#.......###.....§##...#
#.###...
#.......#.+.....@'....# #.#
#... #.........+....§D'...^#
##.# #...
#.......###.)....##...###..#
#...
#.......##?#....#)#...'...##
#... #.<.....##.[#++#
.#...##### ###. ####.######
###### ##. #.### #.. #...#
#.# ###.# #.#


You could see a steam dragon (catching breath).

Vanquished Creatures
  2 two-headed ogres
  Pikel (D:5)
  Grinder (D:6)
  A slime creature (D:9)
  2 wyverns
  A wraith (D:9)
  4 yaks (D:9)
  3 steam dragons
  Menkaure (D:7)
  An acid dragon (D:9)
  Duvessa (D:7)
  2 ice beasts
  Pargi (D:4)
  4 orc warriors
  3 sky beasts
  2 black bears
  3 lemures (D:5)
  2 phantoms (D:6)
  3 bullfrogs
  A kobold brigand (D:7)
  A necrophage (D:5)
  4 water moccasin zombies (Ossuary)
  3 scorpions
  Dowan (D:7)
  A yak zombie (D:9)
  A killer bee (D:9)
  An electric eel (D:8)
  2 howler monkeys (D:9)
  5 hounds
  2 jellies
  2 orc priests
  2 iguanas
  8 orc wizards
  2 mummies (Ossuary)
  7 adders
  A shadow imp (D:7)
  An ufetubus (D:5)
  3 adder zombies (Ossuary)
  2 worms
  A dart slug (D:2)
  28 orcs
  6 ball pythons
  6 bats
  6 endoplasms
  2 giant cockroaches (D:3)
  4 gnoll zombies (Ossuary)
  6 goblins
  5 hobgoblins
  12 kobolds
  4 quokkas
  8 frilled lizards
  A goblin zombie (D:5)
  3 hobgoblin zombies (Ossuary)
  6 kobold zombies (Ossuary)
  4 orc zombies (Ossuary)
  7 rats
197 creatures vanquished.

Vanquished Creatures (collateral kills)
  4 yaks (D:9)
  2 orc warriors
  A yak zombie (D:9)
  3 killer bees (D:9)
  2 orc wizards (D:8)
  A mummy (D:5)
  A dart slug (D:4)
  9 orcs
  2 endoplasms
  A goblin (D:1)
  A hobgoblin (D:1)
  A ball python (D:2)
  3 kobolds
  An orc zombie (D:5)
  A rat (D:1)
33 creatures vanquished.

Vanquished Creatures (others)
  A scorpion (D:5)
  2 wyvern zombies
  2 yak zombies (D:9)
  A bullfrog zombie (D:7)
  A killer bee zombie (D:9)
  A sky beast zombie (D:7)
  A hound zombie (D:5)
  2 howler monkey zombies (D:9)
  A steam dragon zombie (D:9)
  A white imp (D:5)
  An adder zombie (D:6)
  A dart slug zombie (D:4)
  15 orc zombies
30 creatures vanquished.

Grand Total: 260 creatures vanquished

Notes
Turn   | Place    | Note
-------+----------+-------------------------------------------
     0 | D:1      | tio the Demonspawn Necromancer began the quest for the Orb.
     0 | D:1      | Reached XP level 1. HP: 13/13 MP: 3/3
   202 | D:1      | Gained mutation: You have a pair of small horns on your
                  | head. [demonic ancestry]
   202 | D:1      | Reached XP level 2. HP: 10/19 MP: 0/5
   339 | D:1      | Reached skill level 5 in Necromancy
   846 | D:1      | Reached XP level 3. HP: 24/24 MP: 2/6
  1609 | D:2      | Identified the +9 sling "X" {drain, rPois rF- Will+++
                  | Str+6}
  2216 | D:3      | Found a basalt altar of Yredelemnul.
  2277 | D:3      | Reached skill level 1 in Ranged Weapons
  2277 | D:3      | Reached XP level 4. HP: 30/30 MP: 7/7
  2299 | D:3      | HP: 1/31 [poisoned by an adder]
  2309 | D:3      | HP: 1/31 [orc/+0 flail (3)]
  2325 | D:3      | HP: 1/31 [orc/+0 flail (4)]
  2358 | D:3      | Became a worshipper of Yredelemnul the Dark
  2484 | D:3      | Reached skill level 1 in Fighting
  2932 | D:3      | Reached * piety under Yredelemnul
  3561 | D:3      | Reached ** piety under Yredelemnul
  3731 | D:4      | Gained mutation: You have a pair of horns on your head.
                  | [demonic ancestry]
  3731 | D:4      | Reached XP level 5. HP: 26/37 MP: 1/9
  3845 | D:4      | Noticed Pargi
  3848 | D:4      | Killed Pargi
  3849 | D:4      | Reached skill level 1 in Armour
  4227 | D:4      | Noticed a black bear
  4229 | D:4      | Killed a black bear
  4230 | D:4      | Gained mutation: You are partially covered in thin metallic
                  | scales. (AC +2) [demonic ancestry]
  4230 | D:4      | Reached XP level 6. HP: 43/43 MP: 9/11
  4418 | D:5      | Entered Level 5 of the Dungeon
  4520 | D:5      | Gained mutation: Spells you cast may paralyse adjacent
                  | enemies. [demonic ancestry]
  4520 | D:5      | Reached XP level 7. HP: 48/48 MP: 7/12
  4554 | D:5      | Found the +18 Lear's hauberk
  4709 | D:5      | Found a sand-covered staircase.
  4732 | Ossuary  | Entered an ossuary
  4809 | Ossuary  | Reached skill level 2 in Ranged Weapons
  5133 | D:5      | Noticed Pikel
  5143 | D:5      | Killed Pikel
  5144 | D:5      | Reached skill level 5 in Ranged Weapons
  5144 | D:5      | Gained mutation: You are mostly covered in thin metallic
                  | scales. (AC +3) [demonic ancestry]
  5144 | D:5      | Reached XP level 8. HP: 36/57 MP: 14/14
  5537 | D:6      | Found an ornate altar of the Wu Jian Council.
  5558 | D:6      | Reached skill level 6 in Ranged Weapons
  5629 | D:6      | Found a staircase to the Ecumenical Temple.
  5739 | D:6      | Gained mutation: You have a pair of large horns on your
                  | head. [demonic ancestry]
  5739 | D:6      | Reached XP level 9. HP: 64/64 MP: 15/15
  6012 | D:6      | Reached skill level 7 in Ranged Weapons
  6077 | D:6      | Noticed Grinder
  6088 | D:6      | Killed Grinder
  6393 | Temple   | Entered the Ecumenical Temple
  6621 | D:6      | Identified a scroll of acquirement
  6621 | D:6      | Acquired the ring "Sacaituk" {Fly Will+ Str+6}
  6635 | D:7      | Noticed Duvessa
  6635 | D:7      | Noticed Dowan
  6640 | D:7      | Killed Duvessa
  6654 | D:7      | Killed Dowan
  6734 | D:7      | Found an iron altar of Okawaru.
  6736 | D:7      | Found a blossoming altar of Fedhas.
  6736 | D:7      | Found a shadowy altar of Dithmenos.
  6737 | D:7      | Found a radiant altar of Vehumet.
  6813 | D:7      | Reached skill level 8 in Ranged Weapons
  7097 | D:7      | Found Dyjowk's Magic Scroll Shoppe.
  7104 | D:7      | Bought a scroll of butterflies for 48 gold pieces
  7104 | D:7      | Bought a scroll of identify for 24 gold pieces
  7104 | D:7      | Bought a scroll of enchant armour for 90 gold pieces
  7106 | D:7      | Gained mutation: You are strong-willed. (Will+) [potion of
                  | mutation]
  7106 | D:7      | Gained mutation: You occasionally lose the ability to read
                  | scrolls when taking damage. [potion of mutation]
  7106 | D:7      | Gained mutation: Your muscles are strong. (Str +4, Int/Dex
                  | -1) [potion of mutation]
  7257 | D:7      | Noticed Menkaure
  7260 | D:7      | Killed Menkaure
  7379 | D:8      | Identified the +1 pair of boots of the Mind {Int+2 Dex+3
                  | Stlth-}
  7413 | D:8      | Reached skill level 9 in Ranged Weapons
  7559 | D:8      | Noticed a two-headed ogre
  7565 | D:8      | Killed a two-headed ogre
  7566 | D:8      | Gained mutation: A meltable shield of frost defends you.
                  | (SH +0) [demonic ancestry]
  7566 | D:8      | Reached XP level 10. HP: 73/73 MP: 16/16
  7727 | D:8      | Reached *** piety under Yredelemnul
  7736 | D:8      | Identified the +0 long sword of Sudden Death {spect, rElec
                  | Will+ Dex+3}
  7751 | D:8      | Found a broken altar of Ashenzari.
  8157 | D:9      | Acquired the +8 orange crystal plate armour {Archmagi,
                  | Int+3 Clar}
  8157 | D:9      | Found the +8 orange crystal plate armour {Archmagi, Int+3
                  | Clar}
  8222 | D:9      | Reached skill level 5 in Fighting
  8385 | D:9      | Gained mutation: You are clumsy. (Dex -2) [mutagenic glow]
  8527 | D:9      | Noticed a two-headed ogre
  8555 | D:9      | Killed a two-headed ogre
  8556 | D:9      | Reached skill level 5 in Armour
  8718 | D:9      | Reached skill level 5 in Spellcasting
  8806 | D:9      | Reached skill level 1 in Long Blades
  9329 | D:9      | HP: 2/74 [acid dragon (5)]
  9330 | D:9      | Slain by a steam dragon

Illustrated notes

Levels and vault maps discovered:
D:1:      mrwooster_arrival_statue_2, layout_basic
D:2:      layout_basic, grunt_decor_mini_mirrors
D:3:      layout_basic, mainiacjoe_overflow_24_doors
D:4:      kennysheep_big_flooded_room, layout_loops_ring, uniq_pargi
D:5:      lemuel_ice_spiral_2, layout_rooms, nicolae_ossuary_entry_giza,
          uniq_pikel
D:6:      layout_loops_ring, old_standard_altar, temple_fountains, uniq_grinder
D:7:      layout_cave_pools, chequers_temple_overflow_statue_of_worship,
          serial_shops, nicolae_shop_advertising_works
          [nicolae_subvault_shop_adworks], roderic_roman_lattice, moated_statue,
          uniq_duvessa, uniq_menkaure
D:8:      layout_basic, ashenzari_conservatory_becter,
          hangedman_abyss_or_decor_clamps, minmay_orc_keep
D:9:      layout_roguey, lightli_fourway_metalbox
Temple:   jpeg_temple_clearing

Skill      XL: |  1  2  3  4  5  6  7  8  9 10 |
---------------+-------------------------------+-----
Necromancy     | 5 6 7 8 |  8.2
Stealth        | 2 |  2.7
Dodging        | 2 3 |  3.0
Ranged Weapons | 1 5 6 9 |  9.9
Fighting       | 1 2 3 4 5 |  5.2
Armour         | 1 2 3 4 5 |  5.4
Spellcasting   | 3 4 6 |  6.0
Long Blades    | 2 |  2.1
Maces & Flails | |  0.1
Shields        | |  0.8
Invocations    | |  0.8

Action                   |  1- 3 |  4- 6 |  7- 9 | 10-12 || total
-------------------------+-------+-------+-------+-------++-------
Melee: Unarmed           |    10 |       |       |       ||    10
       Whip              |     3 |       |       |       ||     3
       Long sword        |       |       |       |    72 ||    72
       Headbutt          |       |       |       |    21 ||    21
       Punch             |       |       |       |     1 ||     1
 Fire: Sling             |    21 |    14 |   297 |    55 ||   387
 Cast: Necrotise         |    67 |    68 |     5 |    35 ||   175
Invok: Recall Undead Har |       |     3 |     1 |     3 ||     7
       Dark Bargain      |       |     1 |       |     3 ||     4
Evoke: Wand              |       |       |       |     1 ||     1
  Use: Potion            |     1 |     2 |     1 |     8 ||    12
       Scroll            |     3 |     7 |    15 |     8 ||    33
 Stab: Distracted        |       |       |       |     1 ||     1
       Paralysed         |       |       |       |     1 ||     1
Armor: Robe              |     8 |       |       |       ||     8
       Ring mail         |     5 |    16 |    93 |     4 ||   118
       Crystal plate arm |       |       |       |   220 ||   220
Dodge: Dodged            |    48 |    38 |    88 |    53 ||   227
Block: Other             |       |       |       |    33 ||    33

Table legend: (Time is in decaauts)
 A = Elapsed time spent in this place.
 B = Non-inter-level travel time spent in this place.
 C = Inter-level travel time spent in this place.
 D = Time resting spent in this place.
 E = Time spent auto-exploring this place.
 F = Levels seen in this place.
 G = Mean time per level.
                   A        B        C        D        E       F      G
               +--------+--------+--------+--------+--------+-----+--------+
         Total |   9447 |   8518 |    929 |      0 |   6943 |  11 |  858.8 |
       Dungeon |   8949 |   8085 |    864 |      0 |   6678 |   9 |  994.3 |
        Temple |    134 |     69 |     65 |      0 |     55 |   1 |  134.0 |
       Ossuary |    363 |    363 |      0 |      0 |    210 |   1 |  363.0 |
               +--------+--------+--------+--------+--------+-----+--------+

Top non-repeatable levels by time:
     D:3: 1456 daAuts
     D:1: 1296 daAuts
     D:9: 1217 daAuts
     D:6: 981 daAuts
     D:2: 907 daAuts
     D:8: 816 daAuts
     D:5: 786 daAuts
     D:4: 773 daAuts
     D:7: 713 daAuts
 Ossuary: 363 daAuts
  Temple: 134 daAuts
